AoeStats
← Caribe

Hideout

508113518Analyzed
1v1 RM · 11d ago on Sep 20, 2026· 36m 3s· 2 players
Game mode
Random Map
Map size
Tiny (2 player)
Population
200
Speed
Normal
Resources
Standard
Victory
Conquest
Starting age
Dark Age
Ending age
Imperial Age
RankedLock teamsTeams togetherTeam positionsShared explorationLock speedFull tech treeHidden civsTurbo modeCheats
Victory
Defeat
🇻🇪 Vietnamese · Venezuela
1262
+18
🇨🇳 Mongols · China
1299
-18
Caribe
11:33 Feudal Age
15:23 Castle Age
13:38 Double-Bit Axe
13:36 Horse Collar
14:28 Loom
16:23 Heavy Plow
16:42 Bow Saw
19:49 Fletching
21:41 Bodkin Arrow
21:56 Padded Archer Armor
29:03 Imperial Age
28:15 Wheelbarrow
28:09 Forging
28:05 Scale Barding Armor
28:44 Bloodlines
28:35 Husbandry
29:24 Ballistics
30:19 Iron Casting
30:04 Chain Barding Armor
30:22 Gold Mining
31:05 Chain Barding Armor
32:37 Hand Cart
33:43 Two-Man Saw
32:54 Chatras
33:30 Plate Barding Armor
33:58 Elite Battle Elephant
菜鸟来练手
9:34 Feudal Age
8:18 Loom
10:22 Double-Bit Axe
12:12 Horse Collar
17:15 Castle Age
15:24 Fletching
16:06 Stone Mining
17:30 Gold Mining
18:02 Bloodlines
19:43 Bow Saw
19:30 Crossbowman
24:03 Husbandry
24:50 Bodkin Arrow
30:48 Scale Barding Armor
30:54 Forging
32:06 Heavy Plow
33:36 Wheelbarrow
34:24 Town Watch
38:52 Imperial Age
Connection lost

Rejoining the realm…

Still unreachable

The connection could not be restored.

Session expired

The server has moved on; the page needs a fresh start.